 Dungeon Crawl Stone Soup version 0.31-a0-538-gbc85326fa9 (webtiles) character file.

Game seed: 3202585886147151954

310 zazu2006 the Grave Robber (level 6, -7/44 HPs)
             Began as a Gnoll Wanderer on Aug 14, 2023.
             Was an Initiate of Vehumet.
             Splashed by a jelly's acid (9 damage)
             ... on level 4 of the Dungeon.
             The game lasted 00:10:31 (3798 turns).

zazu2006 the Grave Robber (Gnoll Wanderer)          Turns: 3798, Time: 00:10:32

Health: -7/44      AC:  0    Str: 17    XL:     6   Next: 41%
Magic:  9/11       EV: 12    Int: 15    God:    Vehumet [......]
Gold:   115        SH:  0    Dex: 10    Spells: 8/11 levels left

rFire   x . .        l - +2 dagger (speed)
rCold   + . .        (no shield)
rNeg    . . .        c - +0 robe
rPois   .            (no helmet)
rElec   .            (no cloak)
rCorr   .            (no gloves)
SInv    .            d - +0 pair of boots
Will    .....        (no amulet)
Stlth   ++           g - +6 ring of strength
HPRegen 0.27/turn    m - ring of ice
MPRegen 0.12/turn

%: no passive effects
@: corroded
A: fangs 1, strong nose, distributed training
a: Renounce Religion


You were on level 4 of the Dungeon.
You worshipped Vehumet.
Vehumet was noncommittal.
You visited 2 branches of the dungeon, and saw 6 of its levels.

You collected 115 gold pieces.

Inventory:

Hand Weapons
 l - a +2 dagger of speed (weapon)
 n - a +1 flail of protection
Missiles
 k - 2 poisoned darts (quivered)
Armour
 c - a +0 robe (worn)
 d - a +0 pair of boots (worn)
Jewellery
 g - a +6 ring of strength (left hand)
 m - a ring of ice (right hand)
Scrolls
 b - a scroll of blinking
 e - 3 scrolls of teleportation {unknown}
 f - 3 scrolls of identify {unknown}
 i - 2 scrolls of enchant armour {unknown}


   Skills:
 + Level 2.0 Fighting
 + Level 2.0 Short Blades
 + Level 2.0 Long Blades
 + Level 2.0 Axes
 + Level 2.0 Maces & Flails
 + Level 2.0 Polearms
 + Level 2.0 Staves
 + Level 2.0 Ranged Weapons
 + Level 2.0 Throwing
 + Level 2.0 Armour
 + Level 2.0 Dodging
 + Level 3.1 Stealth
 + Level 2.0 Shields
 + Level 2.0 Unarmed Combat
 + Level 3.4 Spellcasting
 + Level 1.5 Conjurations
 + Level 1.5 Hexes
 + Level 5.6 Summonings
 + Level 7.3 Necromancy
 + Level 1.5 Translocations
 + Level 1.5 Transmutations
 + Level 1.5 Fire Magic
 + Level 1.5 Ice Magic
 + Level 1.5 Air Magic
 + Level 1.5 Earth Magic
 + Level 1.5 Poison Magic
 + Level 2.2 Invocations
 + Level 3.2 Evocations
 + Level 1.5 Shapeshifting


You had 8 spell levels left.
You knew the following spells:

 Your Spells              Type           Power      Damage    Failure   Level
a - Summon Guardian Gole  Hex/Summ       13%        N/A       13%         3

Your spell library contained the following spells:

 Spells                   Type           Power      Damage    Failure   Level
 Summon Small Mammal      Summ           76%        N/A       1%          1
 Kiss of Death            Conj/Necr      60%        2d10      3%          1
 Call Canine Familiar     Summ           19%        N/A       5%          3
 Cigotuvi's Dreadful Rot  Necr/Pois/Air  26%        N/A       7%          2
 Anguish                  Hex/Necr       7%         N/A       30%         4
 Summon Forest            Summ/Tloc      6%         N/A       75%         5
 Eringya's Noxious Bog    Tmut/Pois      3%         4d6       100%        6
 Summon Hydra             Summ           9%         N/A       100%        7


Dungeon Overview and Level Annotations

Branches:
Dungeon (5/15)             Temple (1/1) D:4

Altars:
Dithmenos
Elyvilon
Gozag
Kikubaaqudgha
Nemelex Xobeh
Trog
Uskayaw
Vehumet
Yredelemnul
Zin
The Shining One


Innate Abilities, Weirdness & Mutations

You have very sharp teeth.
Your uncanny sense of smell can sniff out nearby items.
Your experience applies equally to all skills.


Message History

A worm comes into view.
Throw: 3 darts (poison)
Press: ? - help, Q - select action, (/) - cycle Shift-Dir - straight line, f - jelly
Aim: a jelly (asleep, 98% to hit)
You throw a poisoned dart. The poisoned dart hits the jelly.
The jelly quivers.
Unknown command.
Casting: Summon Guardian Golem (dangerous; 13% risk of failure)
Confirm with . or Enter, or press ? or * to list all spells.
A guardian golem appears, shielding your allies.
You hit the jelly.
Your hands burn!
The jelly is lightly wounded.
You hit the jelly.
Your hands burn!
The jelly is lightly wounded.
The jelly hits you.
You are splashed with acid.
You hit the jelly.
Your hands burn!
The jelly is moderately wounded.
The jelly barely misses you.
You hit the jelly. The acid corrodes you!
Your hands burn!
The jelly is moderately wounded.
You hit the jelly.
Your hands burn!
The jelly is heavily wounded.
The jelly barely misses you.
You hit the jelly but do no damage.
Your hands burn!
The jelly is heavily wounded.
You hit the jelly.
Your hands burn!
The jelly is heavily wounded.
The jelly barely misses you.
You hit the jelly but do no damage.
Your hands burn!
The jelly is heavily wounded.
The jelly hits you.
* * * LOW HITPOINT WARNING * * *
You are splashed with acid!
* * * LOW HITPOINT WARNING * * *
Unknown command.
The worm bites your guardian golem. The jelly attacks as you move away!
The jelly hits you.
* * * LOW HITPOINT WARNING * * *
You are splashed with acid!
You die...

.÷).............#
.##..........##.#
.##..........##.#
.##..........##.#
###############.#
#.# #.# #.##
#.@#########
#..J.....(.#
####9####..#
#.w..# #.##.# #.#
.. #.# ∆..# #.#
.# #.# #


You could see a worm, a jelly (ally target) and a friendly guardian golem
(summoned).

Vanquished Creatures
  A howler monkey (D:4)
  2 hounds
  2 orc priests (D:4)
  2 orc wizards (D:4)
  2 adders
  A white imp (D:4)
  A worm (D:2)
  2 dart slugs
  2 orcs (D:4)
  3 ball pythons (D:1)
  9 endoplasms
  2 giant cockroaches
  5 goblins
  5 hobgoblins
  3 quokkas
  3 bats
  8 frilled lizards
  3 hobgoblin zombies (D:4)
  9 kobolds
  A kobold skeleton (D:4)
  A kobold zombie (D:4)
  3 orc zombies (D:4)
  8 rats
78 creatures vanquished.

Vanquished Creatures (others)
  An orc (D:4)
1 creature vanquished.

Grand Total: 79 creatures vanquished

Notes
Turn   | Place    | Note
-------+----------+-------------------------------------------
     0 | D:1      | zazu2006 the Gnoll Wanderer began the quest for the Orb.
     0 | D:1      | zazu2006 set off with the following items: a +0 dagger, a
                  | scroll of blinking, a +0 robe, a +0 pair of boots; and the
                  | following spells available to memorise: Summon Small
                  | Mammal, Kiss of Death, Call Canine Familiar, Cigotuvi's
                  | Dreadful Rot, Anguish.
     0 | D:1      | Reached XP level 1. HP: 13/13 MP: 4/4
    23 | D:1      | Reached XP level 2. HP: 4/19 MP: 5/5
   474 | D:1      | Reached XP level 3. HP: 22/25 MP: 7/7
  1136 | D:2      | Reached skill level 1 in Invocations
  1168 | D:2      | Found a faded altar of an unknown god.
  1688 | D:2      | Reached skill level 1 in Fighting
  1688 | D:2      | Reached skill level 1 in Short Blades
  1688 | D:2      | Reached skill level 1 in Long Blades
  1688 | D:2      | Reached skill level 1 in Axes
  1688 | D:2      | Reached skill level 1 in Maces & Flails
  1688 | D:2      | Reached skill level 1 in Polearms
  1688 | D:2      | Reached skill level 1 in Staves
  1688 | D:2      | Reached skill level 1 in Ranged Weapons
  1688 | D:2      | Reached skill level 1 in Throwing
  1688 | D:2      | Reached skill level 1 in Armour
  1688 | D:2      | Reached skill level 1 in Dodging
  1688 | D:2      | Reached skill level 1 in Shields
  1688 | D:2      | Reached skill level 1 in Unarmed Combat
  2011 | D:2      | HP: 1/26 [worm (9)]
  2106 | D:2      | Reached XP level 4. HP: 27/32 MP: 8/8
  2501 | D:3      | You fall into a shaft and drop 2 floors!
  2501 | D:5      | Entered Level 5 of the Dungeon
  2550 | D:5      | Reached skill level 1 in Conjurations
  2550 | D:5      | Reached skill level 1 in Hexes
  2550 | D:5      | Reached skill level 1 in Translocations
  2550 | D:5      | Reached skill level 1 in Transmutations
  2550 | D:5      | Reached skill level 1 in Fire Magic
  2550 | D:5      | Reached skill level 1 in Ice Magic
  2550 | D:5      | Reached skill level 1 in Air Magic
  2550 | D:5      | Reached skill level 1 in Earth Magic
  2550 | D:5      | Reached skill level 1 in Poison Magic
  2550 | D:5      | Reached skill level 1 in Shapeshifting
  2696 | D:5      | Noticed an ice beast
  2723 | D:5      | Noticed a black bear
  2750 | D:4      | Reached XP level 5. HP: 10/37 MP: 9/9
  3057 | D:4      | Found a glowing golden altar of the Shining One.
  3269 | D:4      | Found a staircase to the Ecumenical Temple.
  3373 | D:4      | Reached XP level 6. HP: 40/44 MP: 9/11
  3495 | D:4      | Learned a level 3 spell: Summon Guardian Golem
  3678 | Temple   | Entered the Ecumenical Temple
  3717 | Temple   | Became a worshipper of Vehumet
  3796 | D:4      | HP: 2/44 [acid (10)]
  3798 | D:4      | Splashed by a jelly's acid

Illustrated notes

Levels and vault maps discovered:
D:1:      saegor_arrival_simple_c, layout_basic, st_stairs_8,
          hangedman_decor_lopped, serial_bayou_pond_d
D:2:      layout_loops_corners, shapermc_ecumenical_altar_mp_highgroup,
          grunt_ministairs_2, minmay_door_square
D:3:      kennysheep_six_static_rooms, layout_loops_ring,
          mainiacjoe_overflow_tiny_flanked
D:4:      layout_basic, nicolae_tso_besieged_by_evil, kennysheep_little_box,
          minmay_temple_entry_statues_fountains
D:5:      layout_basic, sigmund_edmund_badplayer
Temple:   hellmonk_temple_beads

Skill      XL: |  1  2  3  4  5  6 |
---------------+-------------------+-----
Invocations    | 1 2 |  2.2
Fighting       | 1 2 |  2.0
Short Blades   | 1 2 |  2.0
Long Blades    | 1 2 |  2.0
Axes           | 1 2 |  2.0
Maces & Flails | 1 2 |  2.0
Polearms       | 1 2 |  2.0
Staves         | 1 2 |  2.0
Ranged Weapons | 1 2 |  2.0
Throwing       | 1 2 |  2.0
Armour         | 1 2 |  2.0
Dodging        | 1 2 |  2.0
Shields        | 1 2 |  2.0
Unarmed Combat | 1 2 |  2.0
Spellcasting   | 3 |  3.4
Conjurations   | 1 |  1.5
Hexes          | 1 |  1.5
Translocations | 1 |  1.5
Transmutations | 1 |  1.5
Fire Magic     | 1 |  1.5
Ice Magic      | 1 |  1.5
Air Magic      | 1 |  1.5
Earth Magic    | 1 |  1.5
Poison Magic   | 1 |  1.5
Shapeshifting  | 1 |  1.5
Evocations     | 3 |  3.2
Stealth        | 3 |  3.1
Summonings     | |  5.6
Necromancy     | |  7.3

Action                     |  1- 3 |  4- 6 || total
---------------------------+-------+-------++-------
  Melee: Dagger            |   240 |   178 ||   418
         Bite              |    30 |    15 ||    45
         Punch             |     2 |     4 ||     6
  Throw: Dart              |     5 |    20 ||    25
   Cast: Summon Guardian G |       |     2 ||     2
    Use: Potion            |       |     7 ||     7
   Stab: Sleeping          |     1 |     2 ||     3
 Armour: Robe              |    42 |    31 ||    73
  Dodge: Dodged            |   104 |    66 ||   170

Table legend: (Time is in decaauts)
 A = Elapsed time spent in this place.
 B = Non-inter-level travel time spent in this place.
 C = Inter-level travel time spent in this place.
 D = Time resting spent in this place.
 E = Time spent auto-exploring this place.
 F = Levels seen in this place.
 G = Mean time per level.
                   A        B        C        D        E       F      G
               +--------+--------+--------+--------+--------+-----+--------+
         Total |   3720 |   3564 |    156 |    513 |   2077 |   6 |  620.0 |
       Dungeon |   3642 |   3563 |     79 |    513 |   2077 |   5 |  728.4 |
        Temple |     78 |      1 |     77 |      0 |      0 |   1 |   78.0 |
               +--------+--------+--------+--------+--------+-----+--------+

Top non-repeatable levels by time:
     D:2: 1377 daAuts
     D:1: 1066 daAuts
     D:4: 937 daAuts
     D:5: 218 daAuts
  Temple: 78 daAuts
     D:3: 41 daAuts
